 Dungeon Crawl Stone Soup version 0.21.1-1-g345015fe64 (webtiles) character file.

114 LevaFresel the Vandal (level 5, -3/35 HPs)
             Began as a Halfling Hunter on June 3, 2018.
             Killed by divine providence
             ... invoked by an orc priest
              (8 damage)
             ... on level 3 of the Dungeon.
             The game lasted 00:09:18 (1358 turns).

LevaFresel the Vandal (Halfling Hunter)             Turns: 1358, Time: 00:09:18

Health: -3/35      AC:  5    Str: 14    XL:     5   Next: 18%
Magic:  5/5        EV: 14    Int:  9    God:
Gold:   69         SH:  0    Dex: 15    Spells: 4/4 levels left

rFire    . . .     SeeInvis .   a - +1 hunting sling
rCold    . . .     Gourm    .   (shield restricted)
rNeg     . . .     Faith    .   m - +0 ring mail
rPois    .         Spirit   .   (no helmet)
rElec    .         Reflect  .   (no cloak)
rCorr    .         Harm     .   (no gloves)
MR       .....                  (no boots)
Stlth    +.........             (no amulet)
HPRegen  0.11/turn              (no ring)
MPRegen  0.09/turn              (no ring)

@: no status effects
A: small, mutation resistance 1
a: no special abilities


You were on level 3 of the Dungeon.
You were not hungry.

You visited 1 branch of the dungeon, and saw 3 of its levels.

You collected 69 gold pieces.

Inventory:

Hand Weapons
 a - a +1 hunting sling (weapon)
 b - a +0 short sword
Missiles
 d - 13 sling bullets
 e - 16 stones (quivered)
Armour
 m - a +0 ring mail (worn)
Jewellery
 l - a cursed ring of loudness {unknown}
Scrolls
 j - 2 scrolls of identify {unknown}
 n - a scroll of blinking {unknown}
 o - a scroll of remove curse {unknown}
Potions
 c - a potion of degeneration {unknown}
 g - 2 potions of haste
 h - 3 potions of heal wounds {unknown}
 i - 2 potions of curing {unknown}
 k - 2 potions of flight {unknown}
Comestibles
 f - 2 rations


   Skills:
 + Level 2.4 Fighting
 + Level 1.7 Short Blades
 * Level 7.0 Slings
 + Level 3.0 Dodging
 + Level 2.3 Stealth


You had 4 spell levels left.
You didn't know any spells.

Dungeon Overview and Level Annotations

Branches:
Dungeon (3/15)

Altars:
Nemelex Xobeh
Uskayaw


Innate Abilities, Weirdness & Mutations

You are small and have problems with some larger weapons.
You are somewhat resistant to further mutation.


Message History

As you open the door, it creaks loudly!
You hear a shout! x2
You hear an angry hiss.
You hear a shout!
An orc, an orc priest and an orc wizard come into view.
The orc shouts!
The orc wizard shouts!
An orc comes into view. It is wielding a hand axe.
There is an open door here.
You close the door.
An orc priest opens the door.
As you close the door, it creaks loudly!
An orc priest opens the door.
The orc wizard points at you and mumbles some strange words.
The magic dart hits you!
You hear the slow rusting of a very distant drain.
The orc priest mumbles some strange prayers to Beogh against you.
Beogh smites you!
The orc priest mumbles some strange prayers to Beogh against you.
Beogh smites you!
* * * LOW HITPOINT WARNING * * *
The orc priest mumbles some strange prayers to Beogh against you.
Beogh smites you!
You die...

###
..#
..#
..#
..#
..# #
'##
#.####
.##
#..@.#
.<#
####.#
###
#.#
#.#
#.#
#.#
#o#
#o#
#.#


You could see an orc priest and an orc.

Vanquished Creatures
  Jessica (D:2)
  An adder (D:2)
  An ooze (D:1)
  2 worms (D:2)
  4 dart slugs
  2 leopard geckos (D:2)
  5 giant cockroaches
  8 goblins
  9 hobgoblins
  2 jackals (D:1)
  7 kobolds
  2 quokkas
  7 bats
  4 rats
55 creatures vanquished.

Notes
Turn   | Place    | Note
-------+----------+-------------------------------------------
     0 | D:1      | LevaFresel the Halfling Hunter began the quest for the Orb.
     0 | D:1      | Reached XP level 1. HP: 14/14 MP: 1/1
    92 | D:1      | Reached skill level 6 in Slings
    98 | D:1      | Reached XP level 2. HP: 19/19 MP: 2/2
   242 | D:1      | Reached XP level 3. HP: 24/24 MP: 3/3
   260 | D:1      | Reached skill level 1 in Short Blades
   562 | D:2      | Found a hide-covered altar of Uskayaw.
   589 | D:1      | Reached XP level 4. HP: 24/29 MP: 4/4
   652 | D:2      | Noticed Jessica
   672 | D:2      | Killed Jessica
   966 | D:2      | Reached XP level 5. HP: 35/35 MP: 5/5
   991 | D:2      | Reached skill level 7 in Slings
  1284 | D:3      | Found a sparkling altar of Nemelex Xobeh.
  1358 | D:3      | Killed from afar by an orc priest

Skill      XL: |  1  2  3  4  5 |
---------------+----------------+-----
Slings         | 6 7 |  7.0
Fighting       | 2 |  2.4
Short Blades   | 1 |  1.7
Stealth        | 2 |  2.3
Dodging        | 3 |  3.0

Action                   |  1- 3 |  4- 6 || total
-------------------------+-------+-------++-------
Melee: Short sword       |     3 |    17 ||    20
 Fire: Hunting sling     |    81 |    70 ||   151
Throw: Stone             |       |    26 ||    26
  Eat: Ration            |       |     1 ||     1
Armor: Leather armour    |     5 |       ||     5
       Ring mail         |     4 |    22 ||    26
Dodge: Dodged            |    41 |    51 ||    92
